AoeStats
← FxFlashmob

Arabia

508759272Analyzed
1v1 RM · 8d ago on Sep 23, 2026· 43m 7s· 2 players
Game mode
Random Map
Map size
Tiny (2 player)
Population
200
Speed
Normal
Resources
Standard
Victory
Conquest
Starting age
Dark Age
Ending age
Imperial Age
RankedLock teamsTeams togetherTeam positionsShared explorationLock speedFull tech treeHidden civsTurbo modeCheats
Victory
Defeat
🇩🇪 Chinese · Germany
1361
+16
🇲🇽 Persians · Mexico
1353
-16
MZTK | Dragneel
6:05 Loom
8:40 Feudal Age
10:30 Double-Bit Axe
11:08 Town Watch
21:24 Castle Age
19:56 Horse Collar
20:22 Fletching
20:46 Bloodlines
21:56 Scale Barding Armor
22:32 Gold Mining
26:20 Bow Saw
30:15 Wheelbarrow
33:13 Bodkin Arrow
33:36 Town Patrol
34:28 Hand Cart
34:05 Crossbowman
34:50 Thumb Ring
38:46 Imperial Age
36:38 Stone Mining
36:51 Heavy Plow
37:29 Gold Shaft Mining
38:27 Heavy Camel Rider
39:07 Husbandry
40:06 Citadels
39:59 Kamandaran
40:23 Padded Archer Armor
40:43 Chain Barding Armor
41:56 Two-Man Saw
41:18 Forging
41:47 Stone Shaft Mining
42:43 Chemistry
42:46 Ballistics
FxFlashmob
0:29 Loom
8:34 Feudal Age
11:59 Fletching
20:35 Castle Age
20:08 Bloodlines
20:05 Scale Barding Armor
20:14 Forging
20:37 Double-Bit Axe
22:07 Chain Barding Armor
24:13 Crossbowman
25:32 Horse Collar
27:45 Scale Mail Armor
28:32 Iron Casting
29:12 Squires
29:47 Bow Saw
29:45 Gold Mining
31:19 Arson
32:21 Chain Mail Armor
33:20 Wheelbarrow
33:38 Bodkin Arrow
34:00 Stone Mining
39:05 Imperial Age
36:29 Town Watch
37:23 Gold Shaft Mining
40:11 Husbandry
39:31 Light Cavalry
40:44 Plate Mail Armor
41:14 Blast Furnace
39:36 Elite Fire Lancer
40:39 Hand Cart
40:27 Heavy Plow
41:29 Two-Man Saw
40:13 Capped Ram
40:25 Cavalier
40:39 Pikeman
42:13 Plate Barding Armor
42:20 Theocracy
42:10 Illumination
Connection lost

Rejoining the realm…

Still unreachable

The connection could not be restored.

Session expired

The server has moved on; the page needs a fresh start.